[Event "*** Titled Tuesday Blitz"]
[Site "Chess.com"]
[Date "2018.06.05"]
[Round "2"]
[White "Oleksandr_Bortnyk"]
[Black "AlexZambrano"]
[Result "1-0"]
[WhiteElo "2786"]
[BlackElo "2329"]
[TimeControl "180+2"]
[EndTime "13:21:20 PDT"]
[Termination "Oleksandr_Bortnyk won by resignation"]

1. d4 Nf6 2. Nc3 g6 3. e4 d6 4. Bg5 Bg7 5. Qd2 h6 6. Bh4 Nc6 7. d5 Ne5 8. f4 Ned7 9. Nf3 Nc5 10. e5 Nfe4 11. Nxe4 Nxe4 12. Qe3 Nc5 13. O-O-O Bf5 14. h3 Qd7 15. Nd4 dxe5 16. Bb5 c6 17. dxc6 1-0

[Event "*** Titled Tuesday Blitz"]
[Site "Chess.com"]
[Date "2018.06.05"]
[Round "2"]
[White "CookiesAndIceCream"]
[Black "AndrewDGreen"]
[Result "0-1"]
[WhiteElo "2055"]
[BlackElo "2189"]
[TimeControl "180+2"]
[EndTime "13:21:27 PDT"]
[Termination "AndrewDGreen won by resignation"]

1. e4 c5 2. Nf3 g6 3. d4 cxd4 4. Nxd4 Nc6 5. c4 Nf6 6. Nc3 Nxd4 7. Qxd4 d6 8. Be3 Bg7 9. Be2 O-O 10. Qd2 a5 11. Rd1 a4 12. O-O Be6 13. Bd4 Qa5 14. f4 Rfc8 15. b3 axb3 16. axb3 Qb4 17. f5 Bd7 18.
Rb1 Ra3 19. Bd1 Nxe4 20. Nxe4 Qxd2 21. Nxd2 Bxd4+ 22. Kh1 Bxf5 0-1

[Event "*** Titled Tuesday Blitz"]
[Site "Chess.com"]
[Date "2018.06.05"]
[Round "2"]
[White "Angry_Serb"]
[Black "Last7Samurai"]
[Result "0-1"]
[WhiteElo "2505"]
[BlackElo "2700"]
[TimeControl "180+2"]
[EndTime "13:21:29 PDT"]
[Termination "Last7Samurai won by resignation"]

1. e4 e6 2. d4 d5 3. Nc3 Nf6 4. exd5 exd5 5. Bg5 Be7 6. Qd2 h6 7. Bf4 Bf5 8. O-O-O Nc6 9. Bb5 O-O 10. f3 Na5 11. g4 Bh7 12. h4 c6 13. Bd3 Nc4 14.
Bxc4 dxc4 15. g5 Nd5 16. gxh6 Nxf4 17. Qxf4 Qd6 18. Qxd6 Bxd6 19. hxg7 Kxg7 20. Ne4 Be7 21. Ne2 Rae8 22. Rdg1+ Kh8 23. N2c3 f5 24. Ng5 Bg8 25. h5 Bf6 26. Rh4 Re1+ 0-1

[Event "*** Titled Tuesday Blitz"]
[Site "Chess.com"]
[Date "2018.06.05"]
[Round "2"]
[White "DiamondCrusher22"]
[Black "nicegg"]
[Result "1-0"]
[WhiteElo "1956"]
[BlackElo "1881"]
[TimeControl "180+2"]
[EndTime "13:21:33 PDT"]
[Termination "DiamondCrusher22 won by resignation"]

1. e4 e5 2. Nf3 Nc6 3. Bb5 Nd4 4. Nxd4 exd4 5. d3 Qh4 6. O-O Nh6 7. g3 Qh3 8. Bxh6 Qxh6 9. Nd2 Bc5 10. Nb3 Bb6 11.
c3 dxc3 12. bxc3 c6 13. Bc4 d6 14. d4 Be6 15. d5 cxd5 16. exd5 Bh3 17. Re1+ Kf8 18. Qf3 Qf6 19. Qe2 Bd7 20. Nd4 h5 21. Qe4 Re8 22. Qd3 h4 23. Rxe8+ Bxe8 24. Re1 hxg3 25.
fxg3 Rh5 26. Kg2 Re5 27. Rf1 Qg5 28. Ne6+ 1-0

[Event "*** Titled Tuesday Blitz"]
[Site "Chess.com"]
[Date "2018.06.05"]
[Round "2"]
[White "BogdanDeac"]
[Black "lucasmito"]
[Result "1-0"]
[WhiteElo "2678"]
[BlackElo "2326"]
[TimeControl "180+2"]
[EndTime "13:21:36 PDT"]
[Termination "BogdanDeac won by resignation"]

1. d4 Nf6 2. c4 g6 3. Nc3 d5 4. h4 c6 5. Nf3 Bg7 6. Bg5 Ne4 7. e3 Nxg5 8. hxg5 dxc4 9. Bxc4 Nd7 10. Qc2 Nb6 11. Bd3 Be6 12. O-O-O Qd6 13. Kb1 Bc4 14. Bxc4 Nxc4 15. Ne4 Qb4 16. Ka1 O-O-O 17. Rd3 Nd6 18. Rb3 Qa5 19. Nc5 h5 20. gxh6 Rxh6 21. Rc1 Rdh8 22.
Nxb7 Nxb7 23. Qxc6+ 1-0

[Event "*** Titled Tuesday Blitz"]
[Site "Chess.com"]
[Date "2018.06.05"]
[Round "2"]
[White "aNONoNonono"]
[Black "walkingcreep"]
[Result "0-1"]
[WhiteElo "2354"]
[BlackElo "2432"]
[TimeControl "180+2"]
[EndTime "13:21:40 PDT"]
[Termination "walkingcreep won by resignation"]

1. e4 c5 2. Nf3 e6 3. d4 cxd4 4.
Nxd4 Nf6 5. Nc3 d6 6. g4 h6 7. h4 a6 8. Bg2 g6 9. Nb3 Nbd7 10. g5 hxg5 11. hxg5 Rxh1+ 12. Bxh1 Nh5 13. Be3 Qc7 14. Qe2 b5 15. e5 d5 16. f4 Ng3 17.
Qf3 Nxh1 18. Qxh1 b4 19. Ne2 Qxc2 20. Bd4 a5 21. Rc1 Qd3 22. Nxa5 Ba6 23. Qg2 Qxe2+ 24. Qxe2 Bxe2 25. Kxe2 Rxa5 26. Rc8+ Ke7 27. Rc7 Kd8 28. Rc1 Rxa2 29. Rh1 Bc5 30. Bxc5 Nxc5 31. Rh8+ Ke7 0-1

[Event "*** Titled Tuesday Blitz"]
[Site "Chess.com"]
[Date "2018.06.05"]
[Round "2"]
[White "JaimeSantosLatasa"]
[Black "GasconJR"]
[Result "1-0"]
[WhiteElo "2636"]
[BlackElo "2337"]
[TimeControl "180+2"]
[EndTime "13:21:44 PDT"]
[Termination "JaimeSantosLatasa won by resignation"]

1. Nf3 Nf6 2. c4 e6 3. Nc3 d5 4. d4 Be7 5. Bg5 Nbd7 6. e3 h6 7. Bh4 O-O 8. Rc1 c6 9. a3 a6 10. Qc2 dxc4 11. Bxc4 b5 12. Bd3 c5 13. O-O Bb7 14.
Be2 Rc8 15. Rfd1 Qb6 16. Ne5 Rfe8 17. Nxd7 Nxd7 18. Bxe7 Rxe7 19. d5 Nf6 20. Bf3 Rd8 21. dxe6 Bxf3 22. exf7+ Rxf7 23. gxf3 Rdf8 24. Qg6 Qe6 25. f4 Qb3 26. Rc2 Re7 27. Rcd2 b4 28. axb4 cxb4 29. Ne2 Re6 30. Nd4 Ne4 1-0

[Event "*** Titled Tuesday Blitz"]
[Site "Chess.com"]
[Date "2018.06.05"]
[Round "2"]
[White "hansen"]
[Black "VitaliyBernadskiy"]
[Result "1-0"]
[WhiteElo "2789"]
[BlackElo "2616"]
[TimeControl "180+2"]
[EndTime "13:21:46 PDT"]
[Termination "hansen won by resignation"]

1. e4 c5 2. Nf3 Nc6 3. Bb5 Nf6 4.
Bxc6 dxc6 5. d3 Bg4 6. Nbd2 g6 7. h3 Bxf3 8. Qxf3 Bg7 9. O-O O-O 10. a4 Nd7 11. a5 b5 12. axb6 axb6 13. Rxa8 Qxa8 14.
Re1 Qa4 15. Qd1 b5 16. Nf3 e5 17. Be3 Rd8 18. Qd2 c4 19. dxc4 Qxc4 20. Bb6 Ra8 21. Qxd7 Qxc2 22. b4 Qc3 23. Bc5 h6 24.
Qxc6 Ra2 25. Qxb5 g5 26. Qe8+ 1-0

[Event "*** Titled Tuesday Blitz"]
[Site "Chess.com"]
[Date "2018.06.05"]
[Round "2"]
[White "PrinceMurad09"]
[Black "ruvat"]
[Result "1-0"]
[WhiteElo "2410"]
[BlackElo "2278"]
[TimeControl "180+2"]
[EndTime "13:21:46 PDT"]
[Termination "PrinceMurad09 won by resignation"]

1. e4 d6 2. d4 Nf6 3. Nc3 g6 4. Be3 Bg7 5. f3 c6 6. Qd2 b5 7.
g4 h5 8. g5 Nfd7 9. h4 b4 10.
Nce2 c5 11. O-O-O Qa5 12. Kb1 Nc6 13. dxc5 Nxc5 14. Nd4 Bd7 15. Nb3 Nxb3 16. axb3 O-O 17. Ne2 Qe5 18. Nd4 Rfc8 19. Bc4 Nxd4 20. Bxd4 Qxd4 21.
Qxd4 Bxd4 22. Rxd4 a5 23. f4 Rc5 24. Rf1 Ra7 25. f5 gxf5 26. g6 fxe4 27. Rxf7 Rxc4 28. Rxc4 1-0

[Event "*** Titled Tuesday Blitz"]
[Site "Chess.com"]
[Date "2018.06.05"]
[Round "2"]
[White "ENEASZ"]
[Black "petrpalachev"]
[Result "1/2-1/2"]
[WhiteElo "2515"]
[BlackElo "2689"]
[TimeControl "180+2"]
[EndTime "13:21:51 PDT"]
[Termination "Game drawn by agreement"]

1. e4 c5 2. c3 d5 3. exd5 Qxd5 4. d4 Nc6 5. Nf3 Bg4 6. Be2 cxd4 7. cxd4 e6 8. O-O Nf6 9. Nc3 Qd6 10. Be3 Be7 11. h3 Bh5 12. Qb3 Qb4 13. Rfd1 O-O 14. d5 Qxb3 15. axb3 exd5 16. Nxd5 Nxd5 17. Rxd5 Bxf3 18. Bxf3 Rad8 19. Rb5 Rd7 20. Bxc6 bxc6 21. Rba5 Ra8 22. Ra6 c5 23. Rc6 Rb8 24. Bxc5 Bxc5 25. Rxc5 g6 26.
Rc3 Re7 27. Kf1 Rd8 28. Re1 Rb7 29. g3 Kg7 30. Re2 Rd1+ 31. Kg2 Rbd7 32. g4 R1d2 33. Rc2 Rxe2 34. Rxe2 Rd3 35. Re7 Rxb3 36. Rxa7 Rxb2 1/2-1/2

[Event "*** Titled Tuesday Blitz"]
[Site "Chess.com"]
[Date "2018.06.05"]
[Round "2"]
[White "GABUZYAN_CHESSMOOD"]
[Black "Shant_Sargsyan"]
[Result "0-1"]
[WhiteElo "2595"]
[BlackElo "2904"]
[TimeControl "180+2"]
[EndTime "13:21:52 PDT"]
[Termination "Shant_Sargsyan won by resignation"]

1. Nf3 d5 2. g3 g6 3. Bg2 Bg7 4.
O-O e5 5. d3 Ne7 6. e4 O-O 7.
exd5 Nxd5 8. Re1 Nc6 9. Nbd2 Re8 10. Nc4 h6 11. c3 Nb6 12. Be3 Nxc4 13. dxc4 Qxd1 14.
Raxd1 Be6 15. Nd2 f5 16. Bxc6 bxc6 17. f4 e4 18. Bd4 Bf8 19. b3 a5 20. a4 Rab8 21.
Rb1 Red8 22. Nf1 c5 23. Be5 Bd6 24. Bxd6 Rxd6 25. Kf2 Rd3 26. Rec1 Kf7 27. Ke2 g5 28. Ne3 Kf6 29. Rf1 Rxc3 30. fxg5+ Kxg5 31. Rfd1 Rbxb3 32. Rxb3 Rxb3 33. Rd8 Rb4 34. Ra8 Rxa4 35. Kd2 Ra2+ 36. Kc3 Re2 37. Nc2 Rxh2 38. Rxa5 Rg2 39. Rxc5 Rxg3+ 40. Kd4 Kf4 41. Rxc7 Rd3+ 42. Kc5 Rc3 43. Nd4 Rxc4+ 44.
Kd6 Rxd4+ 0-1

[Event "*** Titled Tuesday Blitz"]
[Site "Chess.com"]
[Date "2018.06.05"]
[Round "2"]
[White "robbykevlishvili"]
[Black "leclash"]
[Result "1-0"]
[WhiteElo "2513"]
[BlackElo "2312"]
[TimeControl "180+2"]
[EndTime "13:21:53 PDT"]
[Termination "robbykevlishvili won by resignation"]

1. e4 e5 2. Nf3 Nc6 3. Bb5 d6 4. d4 Bd7 5. d5 Nce7 6. Bxd7+ Qxd7 7. O-O h6 8. c4 g5 9. Nc3 Ng6 10. b4 a5 11. bxa5 Rxa5 12. a4 N8e7 13. Ba3 b6 14.
Bb4 Ra8 15. Nb5 f5 16. a5 fxe4 17. axb6 Rxa1 18. Qxa1 exf3 19. Nxc7+ Kf7 20. Ne6 fxg2 21. Rb1 Bg7 22. b7 Qxb7 23. Bxd6 Qd7 24. Bxe7 Qxe7 25.
Qa6 Kf6 26. Rb7 Qe8 27. Nxg7+ 1-0

[Event "*** Titled Tuesday Blitz"]
[Site "Chess.com"]
[Date "2018.06.05"]
[Round "2"]
[White "Gr3egor"]
[Black "RDMGUY01"]
[Result "0-1"]
[WhiteElo "2367"]
[BlackElo "2393"]
[TimeControl "180+2"]
[EndTime "13:21:54 PDT"]
[Termination "RDMGUY01 won by resignation"]

1. d4 Nf6 2. Nf3 e6 3. g3 b6 4. Bg2 Bb7 5. O-O c5 6. c3 Be7 7. Re1 O-O 8. Bf4 d6 9. Nbd2 Nbd7 10. e4 Qc7 11. Nc4 cxd4 12. Nxd6 e5 13. Nxe5 Bxd6 14. Nxd7 Nxd7 15. e5 Bxg2 16. f3 Bxe5 17. Bxe5 Nxe5 18.
Kxg2 d3 19. Re4 Rad8 20. c4 f5 21. Re3 Nxc4 22. Rxd3 Ne3+ 23. Rxe3 0-1

[Event "*** Titled Tuesday Blitz"]
[Site "Chess.com"]
[Date "2018.06.05"]
[Round "2"]
[White "AlexanderL"]
[Black "LastHeroJr"]
[Result "1-0"]
[WhiteElo "2722"]
[BlackElo "2526"]
[TimeControl "180+2"]
[EndTime "13:21:58 PDT"]
[Termination "AlexanderL won by resignation"]

1. Nf3 Nf6 2. c4 g6 3. Nc3 Bg7 4. e4 d6 5. d4 O-O 6. Be2 e5 7. O-O Nc6 8. d5 Ne7 9. Ne1 Nd7 10. Be3 f5 11. f3 f4 12. Bf2 g5 13. Nd3 Ng6 14. c5 Rf7 15. Rc1 Nf6 16. Kh1 h5 17.
Nb5 b6 18. cxd6 cxd6 19. Nb4 g4 20. Nc6 Qf8 21. Be1 h4 22. Bb4 h3 23. gxh3 gxf3 24.
Bxf3 Ne8 25. Bh5 Rf6 26. Rg1 Nh4 27. Bxe8 Qxe8 28. Nc7 Qf8 29. Nxa8 f3 30. Ne7+ Qxe7 31. Rxc8+ Kh7 32. Rc7 Qf8 33. Rgxg7+ Qxg7 34. Rxg7+ Kxg7 35. Qg1+ Rg6 36. Qf2 1-0

[Event "*** Titled Tuesday Blitz"]
[Site "Chess.com"]
[Date "2018.06.05"]
[Round "2"]
[White "Fighterman91"]
[Black "Mepetmepe"]
[Result "1-0"]
[WhiteElo "2559"]
[BlackElo "2446"]
[TimeControl "180+2"]
[EndTime "13:22:02 PDT"]
[Termination "Fighterman91 won by resignation"]

1. e4 e5 2. Nf3 Nc6 3. d4 exd4 4. Nxd4 Nf6 5. Nxc6 bxc6 6. e5 Qe7 7. Qe2 Nd5 8.
c4 Nb6 9. Nc3 Qe6 10. Qe4 g6 11. Bd3 Bg7 12. O-O O-O 13. Re1 Ba6 14. b3 d5 15. cxd5 cxd5 16. Qe2 Bxd3 17. Qxd3 c5 18. Ba3 Rfc8 19. f4 c4 20. Qd4 Bf8 21. Bxf8 Rxf8 22. Rad1 cxb3 23. axb3 Rac8 24. Nxd5 Nxd5 25. Qxd5 Qb6+ 26.
Kh1 Qf2 27. e6 fxe6 28. Qxe6+ Kh8 29. Qe5+ Kg8 30. Rd7 1-0

[Event "*** Titled Tuesday Blitz"]
[Site "Chess.com"]
[Date "2018.06.05"]
[Round "2"]
[White "Xeniya2005"]
[Black "aa175"]
[Result "0-1"]
[WhiteElo "1905"]
[BlackElo "1868"]
[TimeControl "180+2"]
[EndTime "13:22:10 PDT"]
[Termination "aa175 won by resignation"]

1. e4 e5 2. Nf3 f5 3. Nxe5 Nc6 4. Nxc6 dxc6 5. exf5 Bxf5 6. Nc3 Nf6 7. Be2 Bd6 8. O-O h5 9. d3 Ng4 10. h3 Qh4 11.
Bd2 O-O-O 12. Qc1 Bc5 13. Bxg4 hxg4 14. Bg5 Qg3 15. h4 Rxh4 16. Bxh4 Qxh4 17. Qf4 Rh8 18. Qxf5+ Kb8 0-1

[Event "*** Titled Tuesday Blitz"]
[Site "Chess.com"]
[Date "2018.06.05"]
[Round "2"]
[White "olksuna"]
[Black "bait_or_mate"]
[Result "1-0"]
[WhiteElo "2385"]
[BlackElo "2416"]
[TimeControl "180+2"]
[EndTime "13:22:13 PDT"]
[Termination "olksuna won by resignation"]

1. e4 c5 2. Nf3 e6 3. d3 d5 4. Qe2 dxe4 5. dxe4 Nc6 6. c3 Nf6 7. g3 Be7 8. Bg2 b6 9. O-O Bb7 10. Nbd2 O-O 11. e5 Nd5 12. a4 a5 13. Nc4 Ba6 14. Re1 Qc7 15. Nfd2 Rfd8 16. h4 b5 17. axb5 Bxb5 18. Qg4 Bf8 19. h5 h6 20. Be4 Kh8 21. Bc2 Nce7 22. Qe4 g6 23. hxg6 Nxg6 24. Nf3 Nde7 25.
Qg4 Bxc4 26. Qxc4 Bg7 27. Qg4 Rg8 28. Qh5 Nf5 29. Bxf5 exf5 30. Bxh6 1-0

[Event "*** Titled Tuesday Blitz"]
[Site "Chess.com"]
[Date "2018.06.05"]
[Round "2"]
[White "KRASAVCHIK2002"]
[Black "LordIron"]
[Result "1-0"]
[WhiteElo "2220"]
[BlackElo "2165"]
[TimeControl "180+2"]
[EndTime "13:22:19 PDT"]
[Termination "KRASAVCHIK2002 won by resignation"]

1. e4 c5 2. Nf3 d6 3. d4 cxd4 4. Nxd4 Nf6 5. Nc3 a6 6. Be3 e5 7. Nb3 Be6 8. f3 Nbd7 9. Qd2 b5 10. O-O-O Nb6 11. g4 Be7 12. g5 Nfd7 13. h4 Nc4 14.
Bxc4 bxc4 15. Na1 Nb6 16. h5 Qc7 17. g6 fxg6 18. hxg6 h6 19. Bxb6 Qxb6 20. Nd5 Qc6 21. Nxe7 Kxe7 22. c3 Rhd8 23. Nc2 d5 24. Nb4 Qb5 25.
exd5 Bf5 26. Nc6+ Kf8 27. Nxd8 Rxd8 1-0

[Event "*** Titled Tuesday Blitz"]
[Site "Chess.com"]
[Date "2018.06.05"]
[Round "2"]
[White "nubair1198"]
[Black "Infernal_XaM"]
[Result "0-1"]
[WhiteElo "2531"]
[BlackElo "2733"]
[TimeControl "180+2"]
[EndTime "13:22:23 PDT"]
[Termination "Infernal_XaM won by resignation"]

1. d4 Nf6 2. c4 g6 3. Nc3 Bg7 4. e4 O-O 5. h3 d6 6. Bg5 c5 7.
d5 b5 8. cxb5 a6 9. a4 Qa5 10. Bd2 Nbd7 11. Nf3 Ne8 12. bxa6 Bxa6 13. Nb5 Qd8 14. Bc3 Bxc3+ 15. bxc3 Qa5 16. Qc2 Bxb5 17. Bxb5 Qxb5 18. axb5 Rxa1+ 19. Ke2 Rxh1 20. Qa2 Nef6 21. Nd2 Nb6 22. Qa7 Nfd7 23. e5 dxe5 24. Ne4 Ra8 25. Qb7 Ra2+ 26. Kf3 Rf1 27. Kg3 Kg7 28. h4 h6 29. h5 gxh5 30. d6 exd6 31. f3 Rg1 32. Nxd6 Raxg2+ 33. Kh3 Rg3+ 34. Kh4 Rg6 35. Nf5+ Kf6 36. f4 Kxf5 37. c4 e4 38. Qxd7+ Nxd7 0-1

[Event "*** Titled Tuesday Blitz"]
[Site "Chess.com"]
[Date "2018.06.05"]
[Round "2"]
[White "Arm-Tal"]
[Black "attack2mateU"]
[Result "1-0"]
[WhiteElo "2730"]
[BlackElo "2671"]
[TimeControl "180+2"]
[EndTime "13:22:24 PDT"]
[Termination "Arm-Tal won by resignation"]

1. e4 c5 2. Nc3 a6 3. g3 d6 4. Bg2 Nf6 5. Nge2 g6 6. d3 Bg7 7. O-O Nc6 8. Bg5 h6 9. Bd2 Bd7 10. Qc1 Qc8 11. Nd1 Bh3 12. Ne3 Bxg2 13. Kxg2 Nd4 14.
Nxd4 cxd4 15. Nc4 Qc6 16. a4 Nxe4 17. Na5 Qd5 18. dxe4 Qxe4+ 19. f3 Qd5 20. Nb3 Rc8 21. Qd1 h5 22. h4 O-O 23. Be3 e5 24. c3 f5 25.
cxd4 f4 26. gxf4 exf4 27. Bf2 g5 28. Qd3 g4 29. Rac1 Rxc1 30. Nxc1 g3 31. Be1 Re8 32. Bd2 Qf7 33. Ne2 Bh6 34. Rc1 d5 35. Rc5 Qf6 36.
Rxd5 Qe6 37. Re5 Qc6 1-0

[Event "*** Titled Tuesday Blitz"]
[Site "Chess.com"]
[Date "2018.06.05"]
[Round "2"]
[White "Morshynska"]
[Black "ToivoK3"]
[Result "1-0"]
[WhiteElo "2173"]
[BlackElo "2225"]
[TimeControl "180+2"]
[EndTime "13:22:25 PDT"]
[Termination "Morshynska won by checkmate"]

1. d4 d5 2. c4 Bf5 3. cxd5 Bxb1 4. Qa4+ c6 5. Rxb1 Qxd5 6. Nf3 Nf6 7. e3 Qf5 8. Ra1 e6 9. Qb3 b6 10. Bd3 Qh5 11. Bd2 Nbd7 12. Rc1 c5 13. dxc5 Bxc5 14.
Bb4 O-O 15. O-O Rfd8 16. Bb5 Bxb4 17. Qxb4 Nc5 18. Rfd1 Nd5 19. Qh4 Qxh4 20. Nxh4 Rac8 21. Nf3 Kf8 22. Kf1 Ke7 23. Ne5 Rd6 24. e4 Nc7 25.
Nc6+ Kf6 26. e5+ Kg5 27. exd6 Nxb5 28. d7 Nxd7 29. Rxd7 Kf6 30. Ke2 e5 31. Kd2 Rh8 32. a4 Nd4 33. Nxd4 exd4 34. Rxd4 Ke6 35. Rc6+ Ke5 36.
Kd3 Rb8 37. f4+ Kf5 38. h3 h5 39. Ke3 b5 40. Rd5# 1-0

[Event "*** Titled Tuesday Blitz"]
[Site "Chess.com"]
[Date "2018.06.05"]
[Round "2"]
[White "GMMatamoros"]
[Black "colegiodemadrid"]
[Result "1/2-1/2"]
[WhiteElo "2504"]
[BlackElo "2282"]
[TimeControl "180+2"]
[EndTime "13:22:31 PDT"]
[Termination "Game drawn by repetition"]

1. Nf3 Nf6 2. c4 g6 3. g3 Bg7 4. Bg2 O-O 5. O-O c6 6. d4 d5 7. Qb3 Qb6 8. Nc3 Rd8 9. Na4 Qxb3 10. axb3 Na6 11. Rd1 Be6 12. c5 h6 13. Bd2 Bf5 14. Rdc1 Rdc8 15. b4 Nc7 16. Be1 Be4 17. e3 Nd7 18. Nd2 Bxg2 19. Kxg2 e5 20. Nb3 Nb5 21. Nc3 Nxc3 22. bxc3 a6 23. Na5 Rab8 24. f3 Re8 25.
Bf2 f5 26. Rd1 e4 27. f4 Nf6 28. h3 h5 29. Rg1 Kf7 30. Kf1 Ke6 31. Ke2 Rh8 32.
Kd2 Bf8 33. Kc2 Be7 34. Nb3 Rbg8 35. Na5 Rb8 36. Nb3 Rbg8 37. Na5 Rb8 1/2-1/2

[Event "*** Titled Tuesday Blitz"]
[Site "Chess.com"]
[Date "2018.06.05"]
[Round "2"]
[White "Angulo07"]
[Black "Haykos"]
[Result "1-0"]
[WhiteElo "2376"]
[BlackElo "2520"]
[TimeControl "180+2"]
[EndTime "13:22:32 PDT"]
[Termination "Angulo07 won by resignation"]

1. Nc3 g6 2. e4 Bg7 3. d4 c6 4. Nf3 d5 5. Bd3 dxe4 6. Nxe4 Bg4 7. c3 Nd7 8. Qe2 Qc7 9. O-O Ngf6 10. Re1 O-O 11.
h3 Bxf3 12. Qxf3 Nxe4 13. Bxe4 e5 14. dxe5 Nxe5 15. Qe2 Rfe8 16. Bf4 Qb6 17. Rad1 Re6 18. Qc2 Rae8 19. Re2 f5 20. Bd3 Nxd3 21. Rxe6 Rxe6 22.
Rxd3 Re4 23. Be3 Qc7 24. Qb3+ Qf7 25. Rd8+ Bf8 26. Bh6 1-0

[Event "*** Titled Tuesday Blitz"]
[Site "Chess.com"]
[Date "2018.06.05"]
[Round "2"]
[White "Iball95"]
[Black "Andreikka"]
[Result "0-1"]
[WhiteElo "2548"]
[BlackElo "2791"]
[TimeControl "180+2"]
[EndTime "13:22:34 PDT"]
[Termination "Andreikka won by resignation"]

1. d4 Nf6 2. Bf4 d5 3. e3 Bf5 4. c4 e6 5. Nc3 c6 6. Qb3 Qc8 7. Rc1 Be7 8. Nf3 h6 9. Be2 O-O 10. O-O Nbd7 11. h3 Ne4 12. Ne5 Nd2 13. Qd1 Nxf1 14.
Bxf1 Nxe5 15. Bxe5 Qd7 16. c5 f6 17. Bh2 e5 18.
dxe5 fxe5 19. Bxe5 Qe6 20. Bd4 Bh4 21. g3 Bf6 22. g4 Bh7 23. Bg2 Rae8 24. Qd2 Qf7 25.
Rf1 h5 26. gxh5 Qxh5 27. Ne2 Qh4 28. Nf4 Bxd4 29. Qxd4 Be4 30. b4 Qg5 31. Kh2 Rxf4 32. Bxe4 Rfxe4 33. Rg1 Qxg1+ 0-1

[Event "*** Titled Tuesday Blitz"]
[Site "Chess.com"]
[Date "2018.06.05"]
[Round "2"]
[White "GM_Huschenbeth"]
[Black "lionheart95"]
[Result "0-1"]
[WhiteElo "2447"]
[BlackElo "2368"]
[TimeControl "180+2"]
[EndTime "13:22:39 PDT"]
[Termination "lionheart95 won by resignation"]

1. e4 e5 2. Nf3 Nc6 3. Bc4 Nf6 4. d4 exd4 5. e5 d5 6. Bb5 Ne4 7. Nxd4 Bd7 8. Bxc6 bxc6 9. O-O Be7 10. f3 Ng5 11.
f4 Ne4 12. Nc3 Nxc3 13. bxc3 O-O 14. f5 c5 15. Ne2 c6 16. Ng3 Re8 17. f6 Bf8 18.
fxg7 Bxg7 19. Qh5 Qe7 20. Bg5 Qxe5 21. Qxf7+ Kh8 22. Bf6 Bxf6 23. Qxf6+ Qxf6 24. Rxf6 Rf8 25. Rd6 Rf7 26. Rf1 Rxf1+ 27. Kxf1 Rf8+ 28. Ke2 Rf7 29. c4 d4 30. Ne4 Bg4+ 31. Kd2 Rf1 32. c3 dxc3+ 33.
Kxc3 Rc1+ 34. Kb3 Rb1+ 35. Kc2 Rg1 36. Rd2 Bf5 37. Re2 Rxg2 0-1

[Event "*** Titled Tuesday Blitz"]
[Site "Chess.com"]
[Date "2018.06.05"]
[Round "2"]
[White "VNeimer"]
[Black "JozefKneht"]
[Result "1-0"]
[WhiteElo "2460"]
[BlackElo "2297"]
[TimeControl "180+2"]
[EndTime "13:22:43 PDT"]
[Termination "VNeimer won by checkmate"]

1. d4 d5 2. Nf3 Nf6 3. c4 c6 4. cxd5 cxd5 5. Nc3 Nc6 6. Bf4 Bf5 7. e3 e6 8. Qb3 Bb4 9. Bb5 Bxc3+ 10. bxc3 Qb6 11. Ne5 Rc8 12. O-O O-O 13. Bxc6 bxc6 14. f3 c5 15. Rf2 c4 16. Qxb6 axb6 17. Rb2 Rce8 18. a4 Ra8 19. Rxb6 Ra5 20. Nc6 Raa8 21. Ne7+ Kh8 22. Nxf5 exf5 23. a5 Rfd8 24. a6 Rd7 25. Rb8+ Rxb8 26. Bxb8 Ne8 27.
a7 Nc7 28. Bxc7 Rxc7 29. a8=Q+ Rc8 30. Kf2 Rg8 31. Qxg8+ Kxg8 32. Ra8# 1-0

[Event "*** Titled Tuesday Blitz"]
[Site "Chess.com"]
[Date "2018.06.05"]
[Round "2"]
[White "MartinZumsande"]
[Black "51616516516"]
[Result "1-0"]
[WhiteElo "2523"]
[BlackElo "2280"]
[TimeControl "180+2"]
[EndTime "13:22:52 PDT"]
[Termination "MartinZumsande won by resignation"]

1. e4 c5 2. Nf3 g6 3. c3 Bg7 4. d4 cxd4 5. cxd4 d5 6. e5 Nc6 7. Bb5 Nh6 8. h3 O-O 9. O-O f6 10. exf6 exf6 11. Nc3 Be6 12. Re1 Bf7 13. Bxc6 bxc6 14.
Na4 Nf5 15. Nc5 Re8 16. Bf4 Qa5 17. Qd2 Qxd2 18. Bxd2 Rab8 19. b3 g5 20. Ba5 Rbc8 21.
Kf1 h6 22. Rxe8+ Rxe8 23. Rc1 Rc8 24. Re1 Bf8 25. Nd7 Kg7 26. Nxf8 Kxf8 27. Bb4+ Kg8 28. g4 Nxd4 29. Nxd4 c5 30. Rc1 1-0

[Event "*** Titled Tuesday Blitz"]
[Site "Chess.com"]
[Date "2018.06.05"]
[Round "2"]
[White "FMAntonio"]
[Black "RiskyDecision"]
[Result "0-1"]
[WhiteElo "2435"]
[BlackElo "2497"]
[TimeControl "180+2"]
[EndTime "13:22:53 PDT"]
[Termination "RiskyDecision won by checkmate"]

1. d4 Nf6 2. c4 e6 3. Nc3 Bb4 4.
e3 O-O 5. Ne2 d5 6. a3 Bd6 7. c5 Be7 8. b4 a5 9. Bb2 c6 10. Ng3 Nbd7 11. Be2 axb4 12. axb4 Rxa1 13. Qxa1 b6 14. Qa7 bxc5 15. bxc5 e5 16. O-O Re8 17.
Nf5 Nf8 18. Nxe7+ Rxe7 19. Qa8 exd4 20. exd4 Qc7 21. Bd3 Ng4 22. g3 h5 23. Bc1 Ne6 24. Bf5 Re8 25. Bxe6 Rxe6 26. Bf4 Qb7 27. Qxb7 Bxb7 28.
Rb1 Ba6 29. Rb6 Re1+ 30. Kg2 Bf1+ 31. Kf3 Nxh2# 0-1

[Event "*** Titled Tuesday Blitz"]
[Site "Chess.com"]
[Date "2018.06.05"]
[Round "2"]
[White "Ind1anStar"]
[Black "andrewtnb"]
[Result "0-1"]
[WhiteElo "2391"]
[BlackElo "2380"]
[TimeControl "180+2"]
[EndTime "13:22:56 PDT"]
[Termination "andrewtnb won by resignation"]

1. e4 e6 2. d4 d5 3. exd5 exd5 4. Nc3 Nf6 5. Bd3 c6 6. Bg5 Nbd7 7. Nge2 Bd6 8. O-O O-O 9. Ng3 Qc7 10. Re1 h6 11. Bxf6 Nxf6 12. Nce2 Bd7 13. h3 Rae8 14. Nf5 Bxf5 15. Bxf5 g6 16. Bd3 Kg7 17. Qd2 Re7 18. c3 Rfe8 19. Kf1 h5 20. g3 Qd7 21. Kg2 Ne4 22. Bxe4 dxe4 23. Qe3 Qf5 24. c4 g5 25. d5 g4 26. Nd4 Qf6 27. hxg4 hxg4 28. Rh1 Qf3+ 29. Nxf3 exf3+ 30. Kf1 Rxe3 31. fxe3 Rxe3 32.
Re1 Rxe1+ 33. Kxe1 Bxg3+ 34. Kf1 f5 35. Rg1 Be5 36. b4 cxd5 37. cxd5 g3 38. a4 Kf6 39. b5 b6 0-1

[Event "*** Titled Tuesday Blitz"]
[Site "Chess.com"]
[Date "2018.06.05"]
[Round "2"]
[White "SCIM"]
[Black "jlandaw"]
[Result "1-0"]
[WhiteElo "2384"]
[BlackElo "2395"]
[TimeControl "180+2"]
[EndTime "13:22:57 PDT"]
[Termination "SCIM won by resignation"]

1. d4 d5 2. c4 c6 3. Nf3 e6 4. e3 f5 5. Bd3 Nf6 6. O-O Bd6 7. b3 Qe7 8. a4 Na6 9. Ba3 c5 10. cxd5 Nxd5 11. Bxa6 bxa6 12. dxc5 Bxc5 13. Bxc5 Qxc5 14. Nbd2 Bb7 15. Rc1 Qb4 16. Ng5 Qe7 17. Qh5+ g6 18. Qh6 Nf6 19. f3 Ng8 20. Qh4 h6 21.
Qd4 Nf6 22. Rc7 hxg5 23. Rxe7+ Kxe7 24. Qb4+ 1-0

[Event "*** Titled Tuesday Blitz"]
[Site "Chess.com"]
[Date "2018.06.05"]
[Round "2"]
[White "ChessicallyInclined"]
[Black "GGX0X0"]
[Result "0-1"]
[WhiteElo "2236"]
[BlackElo "2333"]
[TimeControl "180+2"]
[EndTime "13:23:05 PDT"]
[Termination "GGX0X0 won by checkmate"]

1. d4 d5 2. c4 c6 3. Nf3 Nf6 4. Nc3 dxc4 5. a4 Bf5 6. Ne5 Nbd7 7. Nxc4 Qc7 8. g3 e5 9. dxe5 Nxe5 10. Bf4 Nfd7 11. Bg2 f6 12. O-O Nc5 13. Nxe5 fxe5 14.
Be3 Rd8 15. Qe1 Be7 16. b4 Nb3 17. Ra3 Nd4 18. Bxd4 Rxd4 19. Na2 O-O 20. e3 Rd7 21. e4 Be6 22. Qb1 a5 23. Rc3 Qb6 24. b5 Rd2 25. Nc1 Rfxf2 26. Kh1 Rxg2 27. Rf2 Rgxf2 28. Nd3 Rxh2# 0-1